 Dungeon Crawl Stone Soup version 0.27-a0-1342-ga99462a43c (webtiles) character file.

Game seed: 6479662711111426855

67030 Delamore the Unseen (level 15, -11/101 (103) HPs)
             Began as an Octopode Brigand on June 27, 2021.
             Was an Initiate of Gozag.
             Mangled by an orc warrior (13 damage)
             ... while paralysed by an orc sorcerer
             ... on level 2 of the Orcish Mines.
             The game lasted 00:41:07 (27656 turns).

Delamore the Unseen (Octopode Brigand)             Turns: 27656, Time: 00:41:08

HP:   -11/101 (103) AC:  3    Str: 15    XL:     15   Next: 21%
MP:   22/22         EV:  2    Int: 16    God:    Gozag
Gold: 1760          SH:  0    Dex: 25    Spells: 27/27 levels left

rFire    . . .     SeeInvis .   T - +5 rapier of the Tent {vamp, Str+4}
rCold    . . .     Faith    .   v - +1 buckler
rNeg     + . .     Spirit   .   h - +2 hood of the Assassin {Detection Stab+ Stlth++}
rPois    .         Reflect  +   q - amulet of reflection
rElec    .         Harm     .   e - +4 ring of evasion
rCorr    .         Rampage  .   y - +6 ring of dexterity
Will     +....     Clarity  +   M - ring of positive energy Stlth *+++++++++
                                (no ring)
HPRegen  0.26/turn              (no ring)
MPRegen  0.18/turn              (no ring)
                                (no ring)
                                (no ring)

@: paralysed, studying 2 skills, lightly drained
A: almost no armour, amphibious, 8 rings, camouflage 1, gelatinous body 1,
(nimble swimmer 1), tentacles, clarity, clever 1, low mp 1
a: Renounce Religion, Potion Petition, Call Merchant, Bribe Branch


You were on level 2 of the Orcish Mines.
You worshipped Gozag.
Gozag was most pleased with you.
You visited 4 branches of the dungeon, and saw 21 of its levels.

You collected 5750 gold pieces.
You spent 1038 gold pieces at shops.
You paid 2952 gold pieces to Gozag.

Inventory:

Hand Weapons
 k - a +4 dagger
 G - the +5 dagger of the Sugar Beet {protect, Dex+5}
   (You found it on level 9 of the Dungeon)

   It grants its wielder temporary protection when it strikes (+7 to AC).
   It affects your dexterity (+5).
 T - the +5 rapier of the Tent (weapon) {vamp, Str+4}
   (You bought it in a shop on level 1 of the Orcish Mines)

   It inflicts no extra harm, but heals its wielder when it wounds a living foe.
   It affects your strength (+4).
Missiles
 b - 66 poisoned darts (quivered)
 c - 11 curare-tipped darts
 x - 16 boomerangs
 z - 3 throwing nets
 A - 6 boomerangs of dispersal
 B - 11 javelins
 C - 5 silver javelins
 Q - 4 atropa-tipped darts
Armour
 h - the +2 hood of the Assassin (worn) {Detection Stab+ Stlth++}
   (You acquired it on level 3 of the Dungeon)

   It makes you much more stealthy.
 v - a +1 buckler (worn)
 R - the +0 kite shield of Depression {Rampage Str+2}
   (You found it on level 6 of the Lair of Beasts)

   It affects your strength (+2).
   It bestows one free step when moving towards enemies.
Jewellery
 e - a +4 ring of evasion (left tentacle)
 q - an amulet of reflection (around mantle)
 y - a +6 ring of dexterity (right tentacle)
 M - a ring of positive energy (on tentacle)
Wands
 r - a wand of acid (5)
 s - a wand of flame (36)
 u - a wand of iceblast (7)
 N - a wand of digging (6)
 P - a wand of mindburst (18)
Scrolls
 a - a scroll of torment
 f - a scroll of fear
 i - 5 scrolls of magic mapping
 l - 6 scrolls of teleportation
 m - 4 scrolls of amnesia
 n - 3 scrolls of blinking
 o - 2 scrolls of immolation
 p - 3 scrolls of vulnerability
 F - 5 scrolls of enchant armour
 I - a scroll of holy word
 J - 2 scrolls of fog
 K - 2 scrolls of enchant weapon
 O - 4 scrolls of identify
Potions
 d - 3 potions of might
 g - 3 potions of flight
 j - 3 potions of ambrosia
 t - 4 potions of heal wounds
 w - 8 potions of curing
 D - a potion of mutation
 E - 2 potions of haste
 H - 3 potions of resistance
Miscellaneous
 S - a condenser vane (inert)


   Skills:
 - Level 10.0 Fighting
 + Level 10.2 Short Blades
 + Level 10.8 Throwing
 + Level 10.4 Dodging
 + Level 18.7 Stealth
 - Level 4.0 Shields
 + Level 6.9 Spellcasting
 - Level 10.0 Evocations


You had 27 spell levels left.
You didn't know any spells.
Your spell library contained the following spells:

 Spells                   Type           Power      Damage    Failure   Level
 Animate Skeleton         Necr           10%        N/A       13%         1
 Apportation              Tloc           10%        N/A       13%         1
 Corona                   Hex            5%         N/A       13%         1
 Foxfire                  Conj/Fire      20%        2x1d5     13%         1
 Freeze                   Ice            20%        1d4       13%         1
 Summon Small Mammal      Summ           20%        N/A       13%         1
 Poisonous Vapours        Pois/Air       10%        N/A       19%         2
 Slow                     Hex            5%         N/A       19%         2
 Conjure Flame            Conj/Fire      5%         6-21      36%         3
 Frozen Ramparts          Ice            10%        1d3       36%         3
 Inner Flame              Hex/Fire       5%         N/A       36%         3
 Lesser Beckoning         Tloc           2%         N/A       36%         3
 Mephitic Cloud           Conj/Pois/Air  5%         N/A       36%         3
 Ozocubu's Armour         Ice            5%         N/A       36%         3
 Portal Projectile        Hex/Tloc       10%        N/A       36%         3
 Tukima's Dance           Hex            5%         N/A       36%         3
 Cause Fear               Hex            2%         N/A       77%         4
 Hailstorm                Conj/Ice       5%         3d4       77%         4
 Leda's Liquefaction      Hex/Erth       2%         N/A       77%         4
 Sticky Flame             Conj/Fire      5%         2d3       77%         4
 Alistair's Intoxication  Tmut/Pois      3%         N/A       98%         5
 Fireball                 Conj/Fire      2%         3d4       98%         5
 Freezing Cloud           Conj/Ice/Air   2%         6-21      98%         5
 Metabolic Englaciation   Hex/Ice        2%         N/A       98%         5
 Invisibility             Hex            2%         N/A       100%        6


Dungeon Overview and Level Annotations

Branches:
Dungeon (12/15)            Temple (1/1) D:7            Lair (6/6) D:11
 Shoals (0/4) Lair:4       Spider (0/4) Lair:2        Slime (0/5) Lair:6
    Orc (2/2) D:11            Elf (0/3) Orc:2

Altars:
Ashenzari
Cheibriados
Dithmenos
Elyvilon
Fedhas
Gozag
Hepliaklqana
Kikubaaqudgha
Makhleb
Nemelex Xobeh
Okawaru
Qazlal
Ru
Sif Muna
Trog
Uskayaw
Vehumet
Wu Jian
Xom
Yredelemnul
Zin
The Shining One

Shops:
D:5 (   D:9 !   D:12 (?   Orc:1 ([[   Lair:3 *   Lair:5 (

Annotations:
D:8 2 transporters, fly's ghost, novice HuDe
D:12 2 transporters, Pomae's ghost, journeyman DEEE
Lair:6 exclusion: 4 oklob plants


Innate Abilities, Weirdness & Mutations

You cannot wear most types of armour.
You are amphibious.
You can wear up to eight rings at the same time.
Your skin changes colour to match your surroundings (Stealth+).
Your rubbery body absorbs attacks. (AC +1, EV +1)
((You are camouflaged near water. (Stealth+)))
You have tentacles for arms and can constrict up to eight enemies at once.
You possess an exceptional clarity of mind.
Your mind is acute. (Int +2)
Your magical capacity is low. (-10% MP)


Message History

The orc warrior shouts!
Your grab misses the orc sorcerer. Your squeeze misses the orc sorcerer.
You hear a shout!
You block the orc sorcerer's attack.
You puncture the orc sorcerer! Your grab misses the orc sorcerer.
The orc sorcerer is moderately wounded.
You puncture the orc sorcerer! Your grab misses the orc sorcerer.
Your squeeze misses the orc sorcerer.
The orc sorcerer is heavily wounded.
The orc sorcerer closely misses you.
You puncture the orc sorcerer! Your grab misses the orc sorcerer.
Your squeeze misses the orc sorcerer.
The orc sorcerer is severely wounded.
The orc sorcerer points at you and mumbles some strange words.
You suddenly lose the ability to move!
The orc warrior hits you with a +1 mace of protection!
The orc sorcerer howls an incantation.
The orc sorcerer's hands start to glow.
The orc sorcerer hits you with a +1 dagger of electrocution!
The orc wizard points at you and mumbles some strange words.
The magic dart hits you.
The orc sorcerer points at you and mumbles some strange words.
The bolt of negative energy hits you! You partially resist.
You feel drained.
The orc warrior hits you with a +1 mace of protection!
The orc sorcerer hits you with a +1 dagger of electrocution.
The orc warrior hits you with a +1 mace of protection!
The orc warrior hits you with a +1 mace of protection!
The orc sorcerer hits you with a +1 dagger of electrocution.
The orc wizard gestures at you while chanting.
You resist with almost no effort.
The orc warrior hits you with a +1 mace of protection!
* * * LOW HITPOINT WARNING * * *
The orc sorcerer hits you with a +1 dagger of electrocution.
* * * LOW HITPOINT WARNING * * *
The orc sorcerer casts a spell at you. The bolt of fire hits you!!
* * * LOW HITPOINT WARNING * * *
The orc warrior hits you with a +1 mace of protection!
You die...
Your body crumbles into a pile of gold.

#...................#
#...................#
#...................#
##...................#
..#.$................#
.#..................##
.#...................#
.......o.......oo....#
.............o..@....#
....................##
.....................#
.....................#
..........$..........#
....................##
....................#
....................##
.....................#


You could see an orc sorcerer, an orc warrior and an orc wizard.

Vanquished Creatures
  A dire elephant (Lair:6)
  The ghost of Delamore the Unseen, a journeyman OpBr of Gozag (Lair:3)
  Snorg (D:12)
  10 hydras
  A boulder beetle (D:12)
  An ogre mage (Orc:2)
  2 catoblepae
  4 two-headed ogres
  A deep troll shaman (Lair:6)
  3 death yaks (Lair:6)
  2 orc high priests (Orc:2)
  Urug (D:11)
  Sonja (D:12)
  3 orc knights (Orc:2)
  An ugly thing (D:12)
  3 manticores
  3 orc sorcerers (Orc:2)
  14 elephants
  4 cyclopes
  6 black mambas
  Joseph (D:9)
  16 cane toads
  5 kobold demonologists
  2 unseen horrors
  5 rime drakes
  8 komodo dragons
  A queen bee (Lair:2)
  6 trolls
  7 polar bears
  Prince Ribbit (Lair:3)
  5 blink frogs
  5 wyverns
  A wraith (D:12)
  6 basilisks
  35 yaks
  3 acid dragons
  13 water moccasins
  5 black bears
  A hornet zombie (D:7)
  30 orc warriors
  17 wolves
  4 necrophages
  13 ogres
  8 centaurs
  5 kobold brigands
  A gnoll sergeant (D:5)
  A scorpion (D:6)
  14 bullfrogs
  A wyvern skeleton (D:6)
  2 water moccasin skeletons
  3 jellies
  48 killer bees
  4 wights (D:8)
  8 howler monkeys
  4 electric eels
  5 centaur zombies
  3 gnoll shamans
  A hound (D:5)
  A human zombie (D:4)
  17 orc priests
  2 bullfrog skeletons
  3 iguanas
  Terence (D:3)
  5 hell rats (Lair:5)
  22 orc wizards
  2 scorpion zombies
  2 mummies (D:4)
  A howler monkey zombie (D:10)
  A howler monkey skeleton (D:6)
  21 gnolls
  5 adders
  A river rat (Lair:2)
  2 white imps
  3 adder zombies (D:4)
  2 worms (D:3)
  2 dart slugs
  62 orcs
  10 endoplasms
  2 giant cockroaches (D:1)
  4 goblins
  5 hobgoblins
  3 jackals (D:5)
  9 kobolds
  2 quokkas
  5 ball pythons
  5 bats
  5 frilled lizards
  2 quokka zombies (D:4)
  5 rats
573 creatures vanquished.

Vanquished Creatures (collateral kills)
  An orc priest (D:8)
  A white imp (D:8)
2 creatures vanquished.

Vanquished Creatures (others)
  An orc (Orc:2)
  A kobold (D:11)
  30 fungi
  142 plants
174 creatures vanquished.

Grand Total: 749 creatures vanquished

Notes
Turn   | Place    | Note
-------+----------+-------------------------------------------
     0 | D:1      | Delamore the Octopode Brigand began the quest for the Orb.
     0 | D:1      | Reached XP level 1. HP: 14/14 MP: 1/1
   387 | D:1      | Reached XP level 2. HP: 19/19 MP: 2/2
   716 | D:1      | Reached skill level 6 in Stealth
   725 | D:1      | Reached XP level 3. HP: 25/25 MP: 3/3
  1158 | D:3      | Identified a scroll of acquirement
  1158 | D:3      | Acquired the +2 hood of the Assassin {Detection Stab+
                  | Stlth++}
  1159 | D:3      | Found the +2 hood of the Assassin {Detection Stab+ Stlth++}
  1390 | D:3      | Reached XP level 4. HP: 30/30 MP: 4/4
  1489 | D:3      | Noticed Terence
  1496 | D:3      | Killed Terence
  1497 | D:3      | Reached skill level 7 in Stealth
  2178 | D:3      | Reached XP level 5. HP: 36/36 MP: 5/5
  2511 | D:4      | Reached XP level 6. HP: 42/42 MP: 6/6
  2512 | D:4      | Found an ancient bone altar of Kikubaaqudgha.
  2515 | D:4      | Reached skill level 8 in Stealth
  2516 | D:4      | Noticed a necrophage
  2518 | D:4      | Killed a necrophage
  2531 | D:4      | Noticed a necrophage
  2533 | D:4      | Killed a necrophage
  2534 | D:4      | Reached skill level 9 in Stealth
  2534 | D:4      | Reached XP level 7. HP: 48/48 MP: 7/7
  3303 | D:5      | Entered Level 5 of the Dungeon
  3518 | D:5      | Found Ongaddum's Antique Weapon Boutique.
  3538 | D:5      | Reached skill level 10 in Stealth
  3566 | D:5      | Reached skill level 1 in Evocations
  3625 | D:5      | Reached XP level 8. HP: 24/54 MP: 8/8
  3998 | D:5      | Reached skill level 5 in Fighting
  3998 | D:5      | Reached skill level 5 in Short Blades
  4231 | D:5      | Reached skill level 1 in Shields
  5789 | D:6      | Reached XP level 9. HP: 61/61 MP: 9/9
  6514 | D:8      | Reached skill level 5 in Evocations
  7364 | D:7      | Found a staircase to the Ecumenical Temple.
  7373 | Temple   | Entered the Ecumenical Temple
  8074 | D:7      | Found a bloodstained altar of Trog.
  8078 | D:7      | Found an opulent altar of Gozag.
  8078 | D:7      | Found a shadowy altar of Dithmenos.
  8078 | D:7      | Found a sacrificial altar of Ru.
  8079 | D:7      | Found a basalt altar of Yredelemnul.
  8083 | D:7      | Found a stormy altar of Qazlal.
  8086 | D:7      | Became a worshipper of Gozag Ym Sagoz the Greedy
  8215 | D:8      | Reached XP level 10. HP: 65/66 MP: 10/10
  8224 | D:8      | Reached skill level 10 in Short Blades
  8320 | D:8      | Found a transporter.
  8324 | D:8      | Noticed fly's ghost (novice HuDe)
  8347 | D:8      | Found a transporter.
  8413 | D:8      | Gained mutation: You are occasionally teleported next to
                  | monsters. [potion of mutation]
  8413 | D:8      | Gained mutation: You are strong-willed. (Will+) [potion of
                  | mutation]
  8413 | D:8      | Gained mutation: Your magical capacity is low. (-10% MP)
                  | [potion of mutation]
  8413 | D:8      | Gained mutation: Your spells are a little harder to cast,
                  | but a little more powerful. [potion of mutation]
  9238 | D:9      | Noticed Joseph
  9256 | D:9      | Killed Joseph
  9588 | D:9      | Noticed a two-headed ogre
  9592 | D:9      | Killed a two-headed ogre
  9744 | D:9      | Identified the +5 dagger of the Sugar Beet {protect, Dex+5}
  9744 | D:9      | Noticed a kobold demonologist
  9752 | D:9      | Killed a kobold demonologist
  9900 | D:9      | Reached skill level 5 in Throwing
 10067 | D:9      | Bought a potion of curing for 48 gold pieces
 10067 | D:9      | Bought a potion of heal wounds for 80 gold pieces
 10067 | D:9      | Bought a potion of heal wounds for 80 gold pieces
 10358 | D:10     | Entered Level 10 of the Dungeon
 10366 | D:10     | Reached skill level 5 in Dodging
 10366 | D:10     | Reached XP level 11. HP: 75/75 MP: 9/9
 10558 | D:10     | Lost mutation: You are occasionally teleported next to
                  | monsters. [potion of mutation]
 10558 | D:10     | Lost mutation: You are strong-willed. (Will+) [potion of
                  | mutation]
 10558 | D:10     | Lost mutation: Your spells are a little harder to cast, but
                  | a little more powerful. [potion of mutation]
 10558 | D:10     | Gained mutation: You possess an exceptional clarity of
                  | mind. [potion of mutation]
 10558 | D:10     | Gained mutation: Your mind is acute. (Int +2) [potion of
                  | mutation]
 10567 | D:10     | Noticed a two-headed ogre
 10591 | D:10     | Killed a two-headed ogre
 11385 | D:11     | Noticed an eight-headed hydra
 11423 | D:11     | Killed an eight-headed hydra
 11489 | D:11     | Found a staircase to the Lair.
 11530 | D:11     | Noticed a two-headed ogre
 11556 | D:11     | Killed a two-headed ogre
 11662 | D:11     | Found a staircase to the Orcish Mines.
 12358 | D:11     | Reached XP level 12. HP: 55/87 MP: 10/10
 12590 | D:11     | Noticed Urug
 12603 | D:11     | Killed Urug
 12604 | D:11     | Reached skill level 10 in Fighting
 12997 | D:12     | Found Tivvixzuho's Magic Scroll Shoppe.
 13002 | D:12     | Bought a scroll of fear for 59 gold pieces
 13002 | D:12     | Bought a scroll of fog for 34 gold pieces
 13002 | D:12     | Bought a scroll of teleportation for 51 gold pieces
 13010 | D:12     | Found a transporter.
 13017 | D:12     | Noticed a tengu warrior
 13020 | D:12     | Found a transporter.
 13024 | D:12     | Noticed an ettin
 13024 | D:12     | Noticed a tengu warrior
 13026 | D:12     | Found a bloodstained altar of Trog.
 13035 | D:12     | Noticed Pomae's ghost (journeyman DEEE)
 13074 | D:12     | Reached skill level 10 in Dodging
 13214 | D:12     | Noticed Sonja
 13222 | D:12     | Killed Sonja
 13287 | D:12     | Noticed Snorg
 13292 | D:12     | Killed Snorg
 13464 | D:12     | Noticed a two-headed ogre
 13466 | D:12     | Killed a two-headed ogre
 13467 | D:12     | Reached skill level 11 in Stealth
 13789 | D:12     | Noticed a boulder beetle
 13789 | D:12     | Noticed a five-headed hydra
 13806 | D:12     | Killed a boulder beetle
 13861 | D:12     | Killed a five-headed hydra
 14007 | Lair:1   | Entered Level 1 of the Lair of Beasts
 14096 | Lair:1   | Reached XP level 13. HP: 92/92 MP: 11/11
 14145 | Lair:1   | Reached skill level 12 in Stealth
 15741 | Lair:2   | Found a hole to the Spider Nest.
 16234 | Lair:2   | Reached skill level 13 in Stealth
 17461 | Lair:3   | Bought a scroll of magic mapping for 38 gold pieces
 17461 | Lair:3   | Bought a scroll of blinking for 82 gold pieces
 17680 | Lair:3   | Reached skill level 14 in Stealth
 17797 | Lair:3   | Found a runed translucent door.
 17800 | Lair:3   | Noticed Delamore's ghost (journeyman OpBr)
 17869 | Lair:3   | Killed Delamore's ghost
 17992 | Lair:3   | Reached skill level 10 in Throwing
 17992 | Lair:3   | Reached skill level 10 in Evocations
 18028 | Lair:3   | Noticed Prince Ribbit
 18036 | Lair:3   | Killed Prince Ribbit
 18037 | Lair:3   | Reached XP level 14. HP: 99/99 MP: 12/12
 19083 | Lair:4   | Found a staircase to the Shoals.
 19328 | Lair:4   | Reached skill level 15 in Stealth
 19428 | Lair:4   | Reached skill level 1 in Spellcasting
 21626 | Lair:5   | Bought 2 atropa-tipped darts for 21 gold pieces
 21626 | Lair:5   | Bought 2 atropa-tipped darts for 21 gold pieces
 21637 | Lair:6   | Entered Level 6 of the Lair of Beasts
 21816 | Lair:6   | Identified the +0 kite shield of Depression {Rampage Str+2}
 21948 | Lair:6   | Reached skill level 16 in Stealth
 23448 | Lair:6   | Acquired a manual of Stealth
 23614 | Lair:6   | Reached skill level 5 in Spellcasting
 23897 | Lair:6   | Reached skill level 17 in Stealth
 24674 | Lair:6   | Noticed a dire elephant
 24736 | Lair:6   | Killed a dire elephant
 25021 | Lair:6   | Reached skill level 18 in Stealth
 25116 | Lair:6   | Identified the +5 ring mail "Egoe" {Str+6 Slay+2}
 25120 | Lair:6   | Acquired a manual of Throwing
 25405 | Lair:6   | Found a staircase to the Slime Pits.
 25655 | Orc:1    | Entered Level 1 of the Orcish Mines
 25708 | Orc:2    | Entered Level 2 of the Orcish Mines
 25809 | Orc:1    | Found Egumirr's Antique Armour Boutique.
 25902 | Orc:1    | Found Putzuluyq's Antique Armour Emporium.
 25942 | Orc:1    | Found Puenkono's Weapon Emporium.
 26136 | Orc:1    | Bought the +5 rapier of the Tent {vamp, Str+4} for 524 gold
                  | pieces
 26518 | Orc:2    | Reached XP level 15. HP: 103/103 MP: 22/22
 26815 | Orc:2    | Noticed an orc warlord
 27232 | Orc:2    | Found a staircase to the Elven Halls.
 27650 | Orc:2    | Paralysed by an orc sorcerer for 6 turns
 27656 | Orc:2    | HP: 2/101 [orc sorcerer/bolt of fire (23)]
 27656 | Orc:2    | Mangled by an orc warrior

Illustrated notes

Levels and vault maps discovered:
D:1:      minmay_arrival_widening_spiral_wide, layout_loops_cross
D:2:      layout_basic, wander_ebering_terrifying_dragon_lair
D:3:      layout_loops_ring, uniq_terence
D:4:      layout_cave_pods, lemuel_mausoleum_altar_kikubaaqudgha
D:5:      layout_cave_pods, serial_shops, kennysheep_mini_moat
D:6:      layout_layer_cave, hangedman_decor_peaks_small
D:7:      layout_basic, minitemple, minmay_temple_entry_poolview, serial_bayou,
          serial_bayou_pond_d, serial_bayou_lagoon_a, serial_bayou_pond_b,
          serial_bayou_crossing
D:8:      layout_loops_ring, gammafunk_ghost_stat_death, hangedman_glass_teeth,
          grunt_decor_junction, minivault_22, grunt_ministairs_1,
          minmay_misc_feat_plants
D:9:      kennysheep_spiral_hall, layout_loops_ring, special_room
          [special_room_orc], uniq_joseph
D:10:     layout_basic
D:11:     layout_roguey, david_lair_generic, david_orc_3,
          chequers_serial_rivers_small_a, uniq_urug
D:12:     layout_loops_corners, gammafunk_ghost_wrathful_warriors, serial_shops,
          shop, minmay_joined_circles, uniq_sonja, uniq_snorg
Temple:   eino_wide_crystal_templ
Lair:1:   layout_regular_city, grunt_megastairs_2, infiniplex_staircase_pool_2
Lair:2:   regret_index_wax_grids, layout_concentric_octagons,
          spider_nest_entry_web_field, serial_bayou_pond_a, wad_woods_road_03,
          beast_lair_carwin_5
Lair:3:   layout_roguey, ebering_ghost_inner_flame, uniq_prince_ribbit2
Lair:4:   layout_roguey, elwin_shoals_entry_rocks, serial_forest,
          infiniplex_forest_pool, infiniplex_forest_lined_corner,
          infiniplex_forest_3_way, infiniplex_forest_straight_4,
          lemuel_fruit_fields, lemuel_fruit_tree
Lair:5:   layout_roguey, st_stairs_12
Lair:6:   grunt_lair_end_beastmaster, layout_cave_pods,
          minmay_slime_entry_oklob_enclosed, serial_forest,
          infiniplex_forest_clump_long, infiniplex_forest_end_1,
          infiniplex_forest_split, infiniplex_forest_lined_room_2,
          infiniplex_forest_end_3, infiniplex_forest_clump_C,
          infiniplex_forest_lined_4_way, infiniplex_forest_clump_curved,
          chequers_serial_rivers_micro_b, serial_bayou_shore_b
Orc:1:    layout_diamond_mine, serial_shops, nicolae_shop_overgrown_old_shop,
          nicolae_shop_waterfront, shop
Orc:2:    st_orc_congregation, layout_diamond_mine, special_room, mines4_lemuel

Skill      XL: |  1  2  3  4  5  6  7  8  9 10 11 12 13 14 |
---------------+-------------------------------------------+-----
Stealth        | 6 7 9 10 11 14 18 | 18.7
Fighting       | 3 4 5 7 9 10 | 10.0
Short Blades   | 3 4 6 9 10 | 10.2
Evocations     | 1 4 5 7 10 | 10.0
Shields        | 3 4 |  4.0
Dodging        | 5 8 10 | 10.4
Throwing       | 5 6 7 10 | 10.8
Spellcasting   | 6 |  6.9

Action                   |  1- 3 |  4- 6 |  7- 9 | 10-12 | 13-15 || total
-------------------------+-------+-------+-------+-------+-------++-------
Melee: Dagger            |    51 |    60 |   291 |   559 |  1232 ||  2193
       Tentacles         |    10 |     8 |    67 |   186 |   600 ||   871
       Constrict         |    10 |    10 |    40 |    51 |   114 ||   225
       Rapier            |       |       |       |       |   229 ||   229
Throw: Dart              |       |       |    10 |    39 |    68 ||   117
       Boomerang         |       |       |     1 |       |       ||     1
       Javelin           |       |       |       |     5 |       ||     5
       Throwing net      |       |       |       |     3 |       ||     3
Invok: Call Merchant     |       |       |       |     2 |     2 ||     4
Evoke: Wand              |       |       |     6 |     9 |     8 ||    23
       Condenser vane    |       |       |       |       |     1 ||     1
  Use: Scroll            |     4 |     1 |     6 |     5 |     9 ||    25
       Potion            |       |       |     4 |     2 |     3 ||     9
 Stab: Sleeping          |    18 |    18 |    29 |    26 |    50 ||   141
       Distracted        |       |     1 |     5 |    12 |    17 ||    35
       Invisible         |       |       |     5 |       |     5 ||    10
       Paralysed         |       |       |     1 |     1 |       ||     2
       Held in net/web   |       |       |       |     4 |       ||     4
Armor: Skin              |     6 |     9 |    31 |    28 |   109 ||   183
Dodge: Dodged            |    21 |    32 |   110 |   195 |   776 ||  1134
Block: Buckler           |       |       |    67 |   188 |   604 ||   859
       Reflection        |       |       |     1 |    13 |     2 ||    16

Table legend: (Time is in decaauts)
 A = Elapsed time spent in this place.
 B = Non-inter-level travel time spent in this place.
 C = Inter-level travel time spent in this place.
 D = Time resting spent in this place.
 E = Time spent auto-exploring this place.
 F = Levels seen in this place.
 G = Mean time per level.
                   A        B        C        D        E       F      G
               +--------+--------+--------+--------+--------+-----+--------+
         Total |  26550 |  25674 |    876 |   5701 |  15553 |  21 | 1264.3 |
       Dungeon |  13561 |  13030 |    531 |   2734 |   8101 |  12 | 1130.1 |
        Temple |     54 |     43 |     11 |      0 |     42 |   1 |   54.0 |
          Lair |  11022 |  10734 |    288 |   2460 |   6577 |   6 | 1837.0 |
  Orcish Mines |   1912 |   1867 |     45 |    507 |    833 |   2 |  956.0 |
               +--------+--------+--------+--------+--------+-----+--------+

Top non-repeatable levels by time:
  Lair:6: 2839 daAuts
  Lair:5: 2005 daAuts
  Lair:2: 1848 daAuts
    D:11: 1744 daAuts
     D:8: 1552 daAuts
  Lair:3: 1517 daAuts
     D:6: 1514 daAuts
  Lair:1: 1423 daAuts
     D:5: 1417 daAuts
  Lair:4: 1387 daAuts
   Orc:2: 1241 daAuts
     D:7: 1194 daAuts
     D:9: 1153 daAuts
    D:12: 1128 daAuts
     D:4: 1009 daAuts
